 Dungeon Crawl Stone Soup version 0.21.1-68-g103a7afc0a (webtiles) character file.

8447 Jorund the Arsonist (level 11, 0/61 HPs)
             Began as an Octopode Fire Elementalist on Aug 2, 2018.
             Was a Follower of Vehumet.
             Slain by an orc priest
             ... wielding a cursed -2 falchion
              (8 damage)
             ... on level 10 of the Dungeon.
             The game lasted 00:41:04 (10668 turns).

Jorund the Arsonist (Octopode Fire Elementalist)   Turns: 10668, Time: 00:41:05

Health: 0/61       AC:  1    Str:  8    XL:     11   Next: 31%
Magic:  19/25      EV: 13    Int: 21    God:    Vehumet [*.....]
Gold:   660        SH:  4    Dex: 12    Spells: 12/30 levels left

rFire    + . .     SeeInvis .   e - staff of fire
rCold    + . .     Gourm    .   (no shield)
rNeg     . . .     Faith    .   (helmet restricted)
rPois    .         Spirit   .   A - +4 amulet of reflection
rElec    .         Reflect  +   F - ring of protection from magic
rCorr    .         Harm     .   z - ring of protection from cold
MR       +....                  G - ring of flight
Stlth    +++.......             (no ring)
HPRegen  0.20/turn              (no ring)
MPRegen  0.19/turn              (no ring)
                                (no ring)
                                (no ring)

@: no status effects
A: almost no armour, stealthy swim, amphibious, 8 rings, constrict 8, camouflage
1, gelatinous body 1
a: Renounce Religion, Evoke Flight


You were on level 10 of the Dungeon.
You worshipped Vehumet.
Vehumet was aware of your devotion.
You were not hungry.

You visited 2 branches of the dungeon, and saw 11 of its levels.
You also visited: Ossuary.

You collected 742 gold pieces.
You spent 82 gold pieces at shops.

Inventory:

Hand Weapons
 f - a +1 mace of flaming
 o - a +0 blowgun
 s - a +0 rapier of holy wrath
Missiles
 g - 6 curare-tipped needles
 i - 79 poisoned needles
Magical Staves
 e - an uncursed staff of fire (weapon)
Jewellery
 z - a ring of protection from cold (right tentacle)
 A - a +4 amulet of reflection (around mantle)
 F - a ring of protection from magic (left tentacle)
 G - a ring of flight (on tentacle)
Wands
 m - a wand of random effects (62)
 C - a wand of disintegration (9)
Scrolls
 k - a scroll of magic mapping
 p - 2 scrolls of remove curse
 r - a scroll of amnesia
 x - 2 scrolls of enchant weapon
 B - a scroll of holy word
Potions
 c - a potion of curing
 h - 2 potions of agility
 j - 6 potions of haste
 l - 4 potions of might
 n - 3 potions of brilliance
 q - a potion of berserk rage
 t - a potion of mutation
 u - a potion of ambrosia
 v - 5 potions of invisibility
 w - 2 potions of magic
 H - a potion of cancellation
Books
 a - a book of Flames

   Spells                             Type                      Level
   a - Flame Tongue                   Conjuration/Fire             1
   b - Throw Flame                    Conjuration/Fire             2
   c - Conjure Flame                  Conjuration/Fire             3
   d - Inner Flame                    Hexes/Fire                   3
   e - Sticky Flame                   Conjuration/Fire             4
   f - Fireball                       Conjuration/Fire             5
Comestibles
 b - 12 rations


   Skills:
 + Level 2.7 Staves
 - Level 2.0 Dodging
 - Level 2.6 Stealth
 + Level 10.1 Spellcasting
 + Level 9.1 Conjurations
 + Level 10.1 Fire Magic


You had 12 spell levels left.
You knew the following spells:

 Your Spells              Type           Power        Failure   Level  Hunger
a - Flame Tongue          Conj/Fire      #####        1%          1    None
b - Throw Flame           Conj/Fire      ######       1%          2    None
c - Conjure Flame         Conj/Fire      ######..     1%          3    None
d - Inner Flame           Hex/Fire       #####...     2%          3    None
e - Sticky Flame          Conj/Fire      ######..     1%          4    ##.....
f - Fireball              Conj/Fire      ######....   3%          5    ####...


Dungeon Overview and Level Annotations

Branches:
Dungeon (10/15)            Temple (1/1) D:6            Lair (0/6) D:8
    Orc: D:9-12

Altars:
Ashenzari
Cheibriados
Dithmenos
Elyvilon
Fedhas
Gozag
Hepliaklqana
Kikubaaqudgha
Makhleb
Nemelex Xobeh
Okawaru
Qazlal
Ru
Sif Muna
Trog
Uskayaw
Vehumet
Wu Jian
Xom
Yredelemnul
Zin
The Shining One

Shops:
D:5 *[   D:7 %?(%

Annotations:
D:3 Sigmund
D:9 Tinylith's ghost, novice NaFE
D:10 Grum


Innate Abilities, Weirdness & Mutations

You cannot wear most types of armour.
You are very stealthy in the water. (Stealth+)
You are amphibious.
You can wear up to eight rings at the same time.
You can use your tentacles to constrict eight enemies at once.
Your skin changes colour to match your surroundings (Stealth+).
Your rubbery body absorbs attacks. (AC +1, EV +1)


Message History

You feel a surge of power!
The puff of flame misses the orc wizard.
The puff of flame hits the orc priest.
The orc priest is moderately wounded.
The orc wizard closely misses you.
Casting: Throw Flame
Confirm with . or Enter, or press ? or * to list all spells.
Aiming: Throw Flame
Press: ? - help, Shift-Dir - straight line, f - orc priest, p - orc wizard
Aim: an orc priest, wielding an enchanted falchion (moderately wounded)
You feel a surge of power!
The puff of flame misses the orc priest.
The orc priest calls down the wrath of Beogh upon you.
Beogh smites you!
* * * LOW HITPOINT WARNING * * *
The orc wizard hits you with a dagger.
* * * LOW HITPOINT WARNING * * *
You feel better.
The orc priest hits you with an enchanted falchion!
You die...

#......
....... #
#...... .#
#...... .#
.....##.#####
#.%.........
#...oo......
#...@.......
#$.###......
#. ..... #
.... ... .. .


You could see an orc priest and an orc wizard.

Vanquished Creatures
  3 two-headed ogres
  A manticore (D:9)
  A gargoyle (D:6)
  A kobold demonologist (D:9)
  2 hornets
  A hippogriff (D:9)
  4 yaks (D:8)
  A soldier ant (D:9)
  Edmund (D:4)
  2 water moccasins
  2 orc warriors
  2 sky beasts
  2 ice beasts
  2 phantoms
  2 necrophages
  4 ogres
  A centaur (D:8)
  7 big kobolds (D:9)
  4 bullfrogs
  A scorpion (D:5)
  A water moccasin skeleton (D:5)
  4 killer bees (D:9)
  3 howler monkeys (D:8)
  4 crimson imps
  2 centaur zombies
  2 jellies
  4 hounds
  A bullfrog skeleton (D:5)
  4 orc priests
  3 centaur skeletons
  7 orc wizards
  Terence (D:2)
  3 iguanas
  4 worker ants
  A big kobold zombie (Ossuary)
  3 hound skeletons
  9 mummies
  Robin (D:2)
  7 gnolls
  13 adders
  2 shadow imps
  3 oozes
  2 adder zombies
  3 adder skeletons
  3 worms
  A dart slug (D:3)
  5 leopard geckos
  35 orcs
  2 ball pythons
  4 giant cockroaches
  12 goblins
  9 hobgoblins
  10 jackals
  2 quokkas
  7 bats
  4 frilled lizards
  3 gnoll zombies (Ossuary)
  2 goblin skeletons (D:9)
  2 goblin zombies (D:9)
  3 hobgoblin zombies
  A jackal skeleton (D:8)
  17 kobolds
  6 kobold zombies
  An orc skeleton (D:9)
  An orc zombie (D:4)
  8 rats
269 creatures vanquished.

Vanquished Creatures (others)
  A worker ant (D:9)
  2 adders (D:9)
3 creatures vanquished.

Grand Total: 272 creatures vanquished

Notes
Turn   | Place    | Note
-------+----------+-------------------------------------------
     0 | D:1      | Jorund the Octopode Fire Elementalist began the quest for the Orb.
     0 | D:1      | Reached XP level 1. HP: 11/11 MP: 3/3
   163 | D:1      | Reached XP level 2. HP: 17/17 MP: 0/5
   799 | D:2      | Reached XP level 3. HP: 21/21 MP: 0/6
   943 | D:2      | Noticed Robin
  1396 | D:2      | Noticed Terence
  1409 | D:2      | Killed Terence
  1409 | D:2      | Reached XP level 4. HP: 27/27 MP: 0/8
  1925 | D:2      | Killed Robin
  1925 | D:2      | Reached XP level 5. HP: 30/31 MP: 0/9
  2226 | D:3      | Noticed Sigmund
  2233 | D:4      | Learned a level 2 spell: Throw Flame
  2237 | D:4      | Learned a level 3 spell: Conjure Flame
  2241 | D:4      | Learned a level 3 spell: Inner Flame
  2274 | D:4      | Found a shattered altar of Ashenzari.
  2312 | D:4      | Noticed Edmund
  2351 | D:4      | Found a sand-covered staircase.
  2393 | D:4      | Noticed an ogre
  2427 | Ossuary  | Entered an ossuary
  2587 | Ossuary  | Reached XP level 6. HP: 36/36 MP: 0/11
  2976 | D:4      | Killed Edmund
  2976 | D:4      | Reached skill level 5 in Fire Magic
  3207 | D:3      | Reached XP level 7. HP: 31/41 MP: 9/13
  3682 | D:3      | Found an ornate altar of the Wu Jian Council.
  4197 | D:4      | Reached skill level 5 in Spellcasting
  4292 | D:4      | Reached XP level 8. HP: 46/46 MP: 7/16
  4363 | D:5      | Entered Level 5 of the Dungeon
  4391 | D:5      | Found Boridwig's Antique Armour Emporium.
  4675 | D:5      | Reached skill level 5 in Conjurations
  4778 | D:5      | Found Zin's Purification Station.
  4781 | D:5      | Found a glowing silver altar of Zin.
  5044 | D:5      | Found a glowing golden altar of the Shining One.
  5048 | D:5      | Found an opulent altar of Gozag.
  5401 | D:5      | Learned a level 4 spell: Sticky Flame
  5539 | D:6      | Reached XP level 9. HP: 46/51 MP: 14/18
  6129 | D:6      | Found a staircase to the Ecumenical Temple.
  6138 | Temple   | Entered the Ecumenical Temple
  6566 | D:7      | Noticed a hornet
  6648 | D:7      | Noticed a gargoyle
  6729 | D:6      | Killed a gargoyle
  6729 | D:6      | Reached skill level 1 in Staves
  7160 | D:7      | Found Zutruwegg's Food Boutique.
  7161 | D:7      | Found Diuvuz's Weapon Boutique.
  7213 | D:7      | Found Kidates's Magic Scroll Boutique.
  7264 | D:7      | Bought a scroll of magic mapping for 38 gold pieces
  7264 | D:7      | Bought a scroll of identify for 22 gold pieces
  7264 | D:7      | Bought a scroll of identify for 22 gold pieces
  7269 | D:7      | Found a shadowy altar of Dithmenos.
  7283 | D:7      | Found Zokku's Food Emporium.
  7655 | D:8      | Found a staircase to the Lair.
  7674 | D:8      | Killed a hornet
  7930 | D:8      | Reached XP level 10. HP: 56/56 MP: 0/22
  8266 | D:8      | Got a translucent whip
  8267 | D:8      | Identified the cursed +0 whip of Winter {slash, Dex+4} (You found it on level 8 of the Dungeon)
  8426 | D:8      | Found a snail-covered altar of Cheibriados.
  8428 | D:8      | Noticed a two-headed ogre
  8447 | D:8      | Noticed a two-headed ogre
  8470 | D:8      | Killed a two-headed ogre
  8638 | D:8      | Killed a two-headed ogre
  9017 | D:8      | Found a stormy altar of Qazlal.
  9019 | D:8      | Found a basalt altar of Yredelemnul.
  9019 | D:8      | Found a radiant altar of Vehumet.
  9020 | D:8      | Found a blossoming altar of Fedhas.
  9021 | D:8      | Found a burning altar of Makhleb.
  9022 | D:8      | Found a white marble altar of Elyvilon.
  9027 | D:8      | Became a worshipper of Vehumet
  9034 | D:8      | Learned a level 5 spell: Fireball
  9105 | D:9      | Found a glowing golden altar of the Shining One.
  9330 | D:9      | Noticed a manticore
  9431 | D:9      | Noticed a kobold demonologist
  9448 | D:9      | Killed a kobold demonologist
  9448 | D:9      | Reached XP level 11. HP: 46/61 MP: 0/24
  9448 | D:9      | Reached * piety under Vehumet
  9448 | D:9      | Offered knowledge of Sandblast by Vehumet.
  9462 | D:9      | Noticed a two-headed ogre
  9968 | D:9      | Killed a manticore
 10168 | D:9      | Killed a two-headed ogre
 10168 | D:9      | Reached skill level 10 in Spellcasting
 10168 | D:9      | Reached skill level 10 in Fire Magic
 10229 | D:9      | Found an iron altar of Okawaru.
 10496 | D:9      | Noticed Tinylith's ghost (novice NaFE)
 10658 | D:10     | Entered Level 10 of the Dungeon
 10658 | D:10     | Noticed a two-headed ogre
 10663 | D:10     | Noticed Grum
 10667 | D:10     | HP: 2/61 [orc wizard/dagger (4)]
 10668 | D:10     | Slain by an orc priest

Skill      XL: |  1  2  3  4  5  6  7  8  9 10 11 |
---------------+----------------------------------+-----
Fire Magic     | 4 5 6 7 8 9 10 | 10.1
Spellcasting   | 3 4 5 6 8 9 10 | 10.1
Conjurations   | 2 3 4 5 7 8 9 |  9.1
Staves         | 1 2 |  2.7
Dodging        | |  2.0
Stealth        | |  2.6

Action                   |  1- 3 |  4- 6 |  7- 9 | 10-12 || total
-------------------------+-------+-------+-------+-------++-------
Melee: Mace              |     9 |    24 |     5 |       ||    38
       Constrict         |     4 |     8 |    11 |     9 ||    32
       Tentacles         |     3 |     6 |     3 |     4 ||    16
       Staff             |       |       |    29 |    53 ||    82
       Rapier            |       |       |       |     3 ||     3
 Cast: Flame Tongue      |    49 |   103 |   292 |    11 ||   455
       Inner Flame       |       |     1 |     2 |     1 ||     4
       Conjure Flame     |       |     1 |    18 |    14 ||    33
       Throw Flame       |       |       |     3 |   125 ||   128
       Sticky Flame      |       |       |     2 |     3 ||     5
Evoke: Wand              |       |     7 |       |     6 ||    13
  Use: Scroll            |     1 |     5 |    16 |     8 ||    30
       Potion            |       |     1 |     5 |     4 ||    10
 Stab: Sleeping          |     4 |     1 |     3 |       ||     8
  Eat: Chunk             |     2 |     2 |    11 |     9 ||    24
       Ration            |       |     1 |     1 |       ||     2
Armor: Skin              |     1 |       |     9 |     8 ||    18
Dodge: Dodged            |    20 |    36 |    91 |    66 ||   213
Block: Other             |       |       |    17 |    16 ||    33
       Reflection        |       |       |     2 |     2 ||     4
